AoeStats
← Guld Hans

Arabia

509160117Analyzed
2v2 RM · 7d ago on Sep 25, 2026· 70m 10s· 4 players
Game mode
Random Map
Map size
Medium (4 player)
Population
200
Speed
Normal
Resources
Standard
Victory
Conquest
Starting age
Dark Age
Ending age
Imperial Age
RankedLock teamsTeams togetherTeam positionsShared explorationLock speedFull tech treeHidden civsTurbo modeCheats
Victory
Defeat
🇩🇰 Huns · Denmark
1002
+15
🇩🇰 Franks · Denmark
1000
+15
🇨🇱 Celts · Chile
979
-15
🇮🇹 Persians · Italy
971
-15
mideamarket
7:06 Loom
9:59 Feudal Age
10:25 Double-Bit Axe
20:16 Castle Age
27:28 Horse Collar
29:58 Wheelbarrow
30:56 Husbandry
31:09 Bloodlines
30:55 Gold Mining
35:52 Imperial Age
33:41 Scale Barding Armor
33:50 Forging
33:46 Scale Barding Armor
35:19 Murder Holes
36:36 Iron Casting
37:30 Chain Barding Armor
39:20 Blast Furnace
38:07 Cavalier
40:41 Plate Barding Armor
44:02 Savar
45:24 Heavy Plow
KaneGB
2:38 Loom
10:16 Feudal Age
20:37 Castle Age
19:35 Forging
20:16 Scale Mail Armor
20:49 Gold Mining
20:52 Double-Bit Axe
Guld Hans
8:31 Loom
11:21 Feudal Age
16:09 Castle Age
16:27 Fletching
17:27 Bodkin Arrow
20:40 Bloodlines
25:08 Thumb Ring
25:55 Husbandry
27:18 Horse Collar
27:34 Double-Bit Axe
30:22 Town Watch
30:42 Heavy Plow
31:51 Wheelbarrow
31:09 Gold Mining
31:31 Padded Archer Armor
34:57 Hand Cart
34:56 Bow Saw
35:05 Stone Mining
37:32 Gold Shaft Mining
42:20 Imperial Age
39:52 Town Patrol
42:57 Ballistics
43:05 Heavy Cavalry Archer
44:11 Parthian Tactics
43:49 Bracer
44:08 Leather Archer Armor
45:20 Conscription
52:53 Two-Man Saw
68:59 Chemistry
Tub$
4:53 Loom
10:40 Feudal Age
11:38 Double-Bit Axe
14:21 Fletching
17:06 Wheelbarrow
22:17 Castle Age
21:40 Forging
21:36 Scale Barding Armor
21:49 Gold Mining
23:38 Bow Saw
26:19 Iron Casting
27:31 Hand Cart
28:40 Chain Barding Armor
31:06 Scale Mail Armor
39:06 Imperial Age
39:19 Cavalier
41:06 Blast Furnace
41:08 Conscription
43:12 Chemistry
41:55 Paladin
43:08 Ballistics
42:54 Siege Engineers
43:37 Onager
47:55 Plate Barding Armor
47:39 Pikeman
49:41 Chain Mail Armor
49:22 Bodkin Arrow
55:07 Chivalry
54:31 Elite Throwing Axeman
59:17 Halberdier
60:05 Spies/Treason
64:36 Plate Mail Armor
64:06 Padded Archer Armor
66:17 Leather Archer Armor
66:48 Husbandry
Connection lost

Rejoining the realm…

Still unreachable

The connection could not be restored.

Session expired

The server has moved on; the page needs a fresh start.